 Dungeon Crawl Stone Soup version 0.30-a0-840-ga523dec638 (webtiles) character file.

Game seed: 15491965113638964885

2613 hikkokomori the Digger (level 9, -13/71 HPs)
             Began as a Pale Draconian Earth Elementalist on Mar 2, 2023.
             Was a Priest of Vehumet.
             Killed from afar by an efreet (27 damage)
             ... with a bolt of fire
             ... on level 3 of the Abyss.
             The game lasted 00:18:11 (6781 turns).

hikkokomori the Digger (DrEE)                       Turns: 6781, Time: 00:18:12

Health: -13/71     AC:  8    Str: 11    XL:     9   Next: 34%
Magic:  0/12       EV: 12    Int: 24    God:    Vehumet [***...]
Gold:   382        SH:  0    Dex: 13    Spells: 2/12 levels left

rFire   . . .      SeeInvis .    b - +4 quarterstaff (chaos)
rCold   . . .      Faith    .    (shield currently unavailable)
rNeg    . . .      Spirit   .    (body armour unavailable)
rPois   .          Reflect  .    (helmet restricted)
rElec   .          Harm     .    g - +0 cloak
rCorr   .          Rampage  .    (no gloves)
Will    .....                    (no boots)
Stlth   ++                       C - amulet of regeneration
HPRegen 1.11/turn                o - ring of wizardry
MPRegen 0.13/turn                n - +6 ring of intelligence

@: no status effects
A: breathe steam, AC +7, unfitting armour, cold-blooded, steam resistance
a: Breathe Steam, Renounce Religion


You were on level 3 of the Abyss.
You worshipped Vehumet.
Vehumet was most pleased with you.
You visited 1 branch of the dungeon, and saw 7 of its levels.
You visited the Abyss 1 time.

You collected 382 gold pieces.

Inventory:

Hand Weapons
 b - a +4 quarterstaff of chaos (weapon)
 p - a +0 bardiche
Missiles
 y - 4 silver javelins
 A - a throwing net
Armour
 g - a +0 cloak (worn)
Jewellery
 h - a ring of resist corrosion
 n - a +6 ring of intelligence (right hand)
 o - a ring of wizardry (left hand)
 C - an amulet of regeneration (around neck)
Wands
 r - a wand of digging (4)
 s - a wand of flame (11)
 t - a wand of quicksilver (4)
 D - a wand of charming (9)
Scrolls
 e - 3 scrolls of teleportation
 f - a scroll of poison
 j - a scroll of amnesia
 k - 2 scrolls of immolation
 l - 2 scrolls of vulnerability
 v - a scroll of magic mapping {unknown}
 w - a scroll of noise
Potions
 a - a potion of magic
 d - a potion of cancellation
 m - 2 potions of brilliance
 q - 2 potions of might {unknown}
 u - 3 potions of flight
 x - a potion of degeneration {unknown}
 z - a potion of ambrosia
 B - a potion of heal wounds


   Skills:
 - Level 3.9 Fighting
 - Level 1.8 Dodging
 - Level 4.0 Stealth
 - Level 2.0 Spellcasting
 + Level 5.0 Conjurations
 + Level 4.1 Hexes
 - Level 4.1 Summonings
 - Level 1.0 Transmutations
 + Level 7.6 Earth Magic
 - Level 4.0 Evocations


You had 2 spell levels left.
You knew the following spells:

 Your Spells              Type           Power      Damage    Failure   Level
a - Sandblast             Erth           78%        2d17      1%          1
b - Stone Arrow           Conj/Erth      64%        3d11      1%          3
c - Summon Guardian Gole  Hex/Summ       22%        N/A       2%          3
d - Apportation           Tloc           4%         N/A       4%          1
e - Passwall              Tmut/Erth      19%        N/A       1%          2

Your spell library contained the following spells:

 Spells                   Type           Power      Damage    Failure   Level
 Summon Small Mammal      Summ           88%        N/A       1%          1
 Ensorcelled Hibernation  Hex/Ice        24%        N/A       3%          2
 Call Canine Familiar     Summ           22%        N/A       2%          3
 Kindle Blastsparks       Fire/Tloc/Air  4%         2d10      4%          3
 Petrify                  Tmut/Erth      23%        N/A       9%          4
 Arcjolt                  Conj/Air       7%         1d17      13%         5
 Swiftness                Air            2%         N/A       14%         3
 Vhi's Electric Charge    Tloc/Air       4%         N/A       14%         3
 Alistair's Intoxication  Tmut/Pois      3%         N/A       69%         5
 Maxwell's Capacitive Co  Air            1%         ∞         100%        8


Dungeon Overview and Level Annotations

Branches:
Dungeon (7/15)             Temple (0/1) D:7

Altars:
Makhleb
Ru
Sif Muna
Uskayaw
Vehumet
Wu Jian
The Shining One

Annotations:
D:2 Sigmund
D:4 2 transporters, arandomgamer's ghost, amateur GnGl


Innate Abilities, Weirdness & Mutations

You can breathe blasts of scalding, opaque steam.
Your pale cyan-grey scales are hard. (AC +7)
You cannot fit into any form of body armour.
You are cold-blooded and may be slowed by cold attacks.
You are immune to the effects of steam.


Message History

You feel much better. The bone dragon bites you. The bone dragon claws you!
The bone dragon tramples you but does no damage.
The large abomination completely misses you.
The large abomination closely misses you.
You are suddenly pulled into a different region of the Abyss!
A death drake comes into view.
The abyssal matter surrounding you shimmers strangely.
You detect the abyssal rune!
Memorise Passwall, consuming 2 spell levels and leaving 0?
You start memorising the spell.
You continue memorising. x2
You finish memorising.
Spell assigned to 'e'.
Okay, then.
Forget Kindle Blastsparks, freeing 3 spell levels for a total of 3?
Your memory of Kindle Blastsparks unravels.
Memorise Apportation, consuming 1 spell level and leaving 2?
You start memorising the spell.
You continue memorising.
You finish memorising.
Spell assigned to 'd'.
Found three runelights.
A kraken comes into view.
Found three runelights.
Found five runelights.
An efreet comes into view.
It is wielding a +3 scimitar of flaming.
Found two runelights.
A large abomination comes into view.
You hear a chilling moan.
The efreet gestures at you.
The fireball explodes!
The fireball engulfs something!
The fireball engulfs you!!
A ghost crab comes into view.
You hear a shout!
Something hits you!
You feel your power leaking away.
Deactivating autopickup; reactivate with Ctrl-A.
Something hits you!!
* * * LOW HITPOINT WARNING * * *
The efreet gestures at you. The bolt of fire misses you.
The efreet gestures at you. The bolt of fire hits you!!
You die...

⌠~X~⌠.##...### ..#.
⌠~~~⌠#...#...# .##
.#.. #⌠........#..###.
#.# #.t.####. ..#.#..
.. .###....##.#####.
## .
.....#...#....###.#...
# #...XR#...# ...#..
.....
#X####.{###.#.##. # #
. .X
#..@#.....#.#.#..### #
####...###...... . .
#.....#....####
......#.##.#..# . . #
.#.####..##.# ...###
## .. . ## .. .. ## .


You could see a ghost crab, a large abomination and an efreet.

Vanquished Creatures
  A troll (D:6)
  Grinder (D:3)
  2 golden eyes (Abyss:3)
  A large abomination (Abyss:3)
  Duvessa (D:5)
  2 water moccasins (D:6)
  An orc warrior (D:6)
  An ogre (D:5)
  3 phantoms
  A necrophage (D:5)
  Blork the orc (D:4)
  A howler monkey (D:7)
  A crimson imp (D:6)
  Crazy Yiuf (D:3)
  A hound (D:5)
  A jelly (D:7)
  A gnoll bouda (D:5)
  4 orc priests
  Ijyb (D:3)
  An iguana (D:5)
  4 orc wizards
  Natasha (thrice) (D:3)
  Robin (D:4)
  7 gnolls (D:5)
  12 adders
  A shadow imp (D:7)
  An ufetubus (D:4)
  3 worms
  2 dart slugs (D:4)
  19 orcs
  9 ball pythons
  6 bats
  8 endoplasms
  2 giant cockroaches
  13 goblins
  9 hobgoblins
  15 jackals
  5 quokkas
  3 frilled lizards
  6 kobolds
  7 rats
163 creatures vanquished.

Vanquished Creatures (others)
  Dowan (D:5)
  An iguana (D:5)
  2 gnolls (D:5)
  An ufetubus (D:5)
5 creatures vanquished.

Grand Total: 168 creatures vanquished

Notes
Turn   | Place    | Note
-------+----------+-------------------------------------------
     0 | D:1      | hikkokomori the Draconian Earth Elementalist began the
                  | quest for the Orb.
     0 | D:1      | Reached XP level 1. HP: 14/14 MP: 3/3
   153 | D:1      | Reached XP level 2. HP: 21/22 MP: 3/5
   749 | D:2      | Reached skill level 1 in Fighting
   777 | D:1      | Reached XP level 3. HP: 14/28 MP: 1/6
   921 | D:2      | Found a radiant altar of Vehumet.
   953 | D:2      | Became a worshipper of Vehumet
  1380 | D:2      | Noticed Sigmund
  1383 | D:2      | Reached skill level 4 in Earth Magic
  1712 | D:3      | Reached XP level 4. HP: 36/36 MP: 3/7
  1918 | D:3      | Reached * piety under Vehumet
  1918 | D:3      | Offered knowledge of Freeze by Vehumet.
  2074 | D:3      | Reached XP level 5. HP: 27/42 MP: 1/8
  2332 | D:3      | Found an ornate altar of the Wu Jian Council.
  2545 | D:3      | Found a hide-covered altar of Uskayaw.
  2545 | D:3      | Noticed Grinder
  2551 | D:3      | Killed Grinder
  2552 | D:3      | Reached skill level 5 in Earth Magic
  2552 | D:3      | Reached XP level 6. HP: 39/51 MP: 6/9
  2558 | D:3      | Learned a level 3 spell: Stone Arrow
  2562 | D:3      | Learned a level 3 spell: Summon Guardian Golem
  2619 | D:3      | Noticed Ijyb
  2623 | D:3      | Killed Ijyb
  2736 | D:3      | Noticed Natasha
  2740 | D:3      | Killed Natasha
  2779 | D:3      | Found a runed translucent door.
  2780 | D:3      | Noticed Crazy Yiuf
  2793 | D:3      | Noticed Natasha
  2799 | D:3      | Killed Natasha
  2872 | D:3      | Noticed Natasha
  2876 | D:3      | Killed Natasha
  3042 | D:3      | Killed Crazy Yiuf
  3043 | D:3      | Reached skill level 1 in Conjurations
  3043 | D:3      | Reached skill level 1 in Summonings
  3267 | D:4      | Your scales start taking on a pale cyan-grey colour.
  3267 | D:4      | Reached XP level 7. HP: 58/58 MP: 10/10
  3267 | D:4      | Gained mutation: You are immune to the effects of steam.
                  | [Pale Draconian growth]
  3369 | D:4      | Found a glowing golden altar of the Shining One.
  3380 | D:4      | Noticed Robin
  3407 | D:4      | Found a shimmering blue altar of Sif Muna.
  3468 | D:4      | Found a transporter.
  3471 | D:4      | Noticed arandomgamer's ghost (amateur GnGl)
  3494 | D:4      | Killed Robin
  3495 | D:4      | Offered knowledge of Kiss of Death by Vehumet.
  3569 | D:4      | Reached ** piety under Vehumet
  3629 | D:4      | Noticed Blork the orc
  3635 | D:4      | Killed Blork the orc
  3725 | D:4      | Found a transporter.
  3925 | D:5      | Entered Level 5 of the Dungeon
  4010 | D:5      | Reached skill level 6 in Earth Magic
  4146 | D:5      | Reached skill level 1 in Hexes
  4146 | D:5      | Reached skill level 1 in Evocations
  4429 | D:5      | Reached XP level 8. HP: 66/66 MP: 7/11
  4927 | D:5      | Offered knowledge of Kindle Blastsparks by Vehumet.
  5043 | D:5      | Noticed Duvessa
  5043 | D:5      | Noticed Dowan
  5059 | D:5      | Killed Duvessa
  5068 | D:5      | Killed Dowan
  5073 | D:5      | Learned a level 3 spell: Kindle Blastsparks
  5530 | D:6      | Reached *** piety under Vehumet
  5658 | D:6      | Noticed a troll
  5663 | D:6      | Killed a troll
  5664 | D:6      | Reached skill level 7 in Earth Magic
  5898 | D:6      | Found a radiant altar of Vehumet.
  5899 | D:6      | Found a burning altar of Makhleb.
  6230 | D:6      | Reached XP level 9. HP: 71/71 MP: 9/12
  6314 | D:7      | Found a staircase to the Ecumenical Temple.
  6565 | D:7      | Found a sacrificial altar of Ru.
  6596 | D:7      | Noticed a wizard
  6597 | Abyss:3  | Cast into level 3 of the Abyss (a wizard)
  6719 | Abyss:3  | Reached skill level 5 in Conjurations
  6723 | Abyss:3  | Noticed a bone dragon
  6741 | Abyss:3  | Noticed a death drake
  6761 | Abyss:3  | Learned a level 2 spell: Passwall
  6764 | Abyss:3  | Learned a level 1 spell: Apportation
  6773 | Abyss:3  | Noticed a kraken
  6775 | Abyss:3  | Noticed an efreet
  6778 | Abyss:3  | Noticed a ghost crab
  6781 | Abyss:3  | Killed from afar by an efreet

Illustrated notes

Levels and vault maps discovered:
D:1:      dpeg_arrival_ratfight, layout_basic, minmay_pentomino_o4
D:2:      layout_rooms, serial_curves, eino_curves_03, eino_curves_03,
          basic_altar, uniq_sigmund
D:3:      minmay_razor_zed, layout_basic, nicolae_wu_jian_glorious_leap,
          mainiacjoe_overflow_alcove_2, uniq_ijyb, uniq_natasha,
          uniq_crazy_yiuf_cottage, uniq_grinder
D:4:      layout_gridville, mainiacjoe_overflow_catwalk_spiral,
          gammafunk_ghost_stat_death, serial_glass, glass_columns_b,
          glass_columns_a, glass_columns_a, glass_columns_a, glass_columns_b,
          glass_columns_b, uniq_robin, uniq_blork_the_orc
D:5:      dreamdust_elfheim, layout_basic, nicolae_half_adder
D:6:      layout_basic, grunt_temple_overflow_lords_of_destruction
D:7:      cheibrodos_wizards_tower, layout_basic, lemuel_coloured_pillars_altar,
          mainiacjoe_overflow_24_doors, temple_statues,
          biasface_ghost_orc_armoury, hangedman_decor_points
Abyss:3:  base: D:5, spicy_abyss_planar_alliance, spicy_abyss_pitcher_plant,
          guppyfry_abyss_exit_glass_guarded, guppyfry_abyss_exit_glass_guarded,
          evilmike_nicolae_abyss_rune_betentacled_crabyss

Skill      XL: |  1  2  3  4  5  6  7  8  9 |
---------------+----------------------------+-----
Stealth        | 2 3 4 |  4.0
Fighting       | 1 2 3 |  3.9
Earth Magic    | 4 5 6 7 |  7.6
Conjurations   | 1 2 4 5 |  5.0
Summonings     | 1 2 4 |  4.1
Hexes          | 1 3 4 |  4.1
Evocations     | 1 3 4 |  4.0
Dodging        | |  1.8
Spellcasting   | |  2.0
Transmutations | |  1.0

Action                     |  1- 3 |  4- 6 |  7- 9 || total
---------------------------+-------+-------+-------++-------
  Melee: Unarmed           |    38 |       |       ||    38
         Tailslap          |     5 |       |     3 ||     8
         Bardiche          |       |     2 |       ||     2
         Quarterstaff      |       |       |    76 ||    76
   Cast: Sandblast         |    63 |    57 |   113 ||   233
         Summon Guardian G |       |       |     8 ||     8
         Kindle Blastspark |       |       |     1 ||     1
         Stone Arrow       |       |       |     4 ||     4
Ability: Breathe Steam     |       |       |     1 ||     1
  Evoke: Wand              |       |     1 |     1 ||     2
    Use: Scroll            |     8 |       |     6 ||    14
         Potion            |     2 |     2 |     4 ||     8
   Stab: Distracted        |       |       |     1 ||     1
 Armour: Skin              |    28 |     6 |    51 ||    85
  Dodge: Dodged            |    54 |    14 |    78 ||   146

Table legend: (Time is in decaauts)
 A = Elapsed time spent in this place.
 B = Non-inter-level travel time spent in this place.
 C = Inter-level travel time spent in this place.
 D = Time resting spent in this place.
 E = Time spent auto-exploring this place.
 F = Levels seen in this place.
 G = Mean time per level.
                   A        B        C        D        E       F      G
               +--------+--------+--------+--------+--------+-----+--------+
         Total |   6919 |   6780 |    139 |    205 |   5178 |   8 |  864.9 |
       Dungeon |   6732 |   6593 |    139 |    179 |   5178 |   7 |  961.7 |
         Abyss |    187 |    187 |      0 |     26 |      0 |   1 |  187.0 |
               +--------+--------+--------+--------+--------+-----+--------+

Top non-repeatable levels by time:
     D:3: 1631 daAuts
     D:5: 1449 daAuts
     D:6: 980 daAuts
     D:1: 896 daAuts
     D:4: 786 daAuts
     D:2: 690 daAuts
     D:7: 299 daAuts
 Abyss:3: 187 daAuts
